[Event "IIFL Wealth  4th Mumbai Junior U-13"]
[Site "Mumbai"]
[Date "2019.01.03"]
[Round "5"]
[White "Marium Fatima"]
[Black "Krishnan Ritvik"]
[Result "0-1"]
[ECO "A49"]
[WhiteElo "1494"]
[BlackElo "1812"]
[Annotator "NA RC"]
[PlyCount "96"]
[EventDate "2018.12.30"]
[EventType "swiss"]
[EventCountry "IND"]
[SourceTitle "playchess.com"]
[Source "ChessBase"]
[SourceQuality "1"]
[TimeControl "40/5400+30:1800+30"]

1. d4 Nf6 2. Nf3 g6 3. g3 Bg7 4. Bg2 O-O 5. O-O d6 6. b3 e5 7. dxe5 dxe5 8. Bb2 {[%emt 0:00:15] LiveBook: 23 Games} e4 {[%emt 0:01:42] A49: 1 d4 Nf6 2 Nf3 g6 3 g3: Anti-King's Indian systems} 9. Nfd2 (9. Qxd8 Rxd8 10. Ng5 Re8 11. Nc3 h6 12. Nh3 g5 13. Rfd1 Na6 14. Nb5 Bf5 15. Nd4 Bg6 16. e3 c6 17. Rd2 Rad8 18. Rad1 Bh5 19. f3 exf3 20. Nxf3 Rxd2 21. Rxd2 Ne4 22. Bxg7 {0-1 (22) Kovalev,V (2639)-Onischuk,V (2637) Riadh 2017}) 9... Re8 $146 ({Predecessor:} 9... e3 10. fxe3 Ng4 11. Bxg7 Nxe3 12. Bf6 Qxf6 13. Rxf6 Nxd1 14. Nc4 Re8 15. Bd5 c6 16. Bxf7+ {0-1 (29) Blechzin,I-Fedorov,V Leningrad (Russia) 1972}) 10. Nc4 b6 11. Qxd8 Rxd8 12. Bxf6 Bxf6 13. Bxe4 Bxa1 14. Bxa8 c6 15. Ne3 Bd4 16. Rd1 Rd7 17. Rd3 Bxe3 18. fxe3 Kg7 19. Nd2 Kf6 20. b4 Ke7 21. a4 a6 22. Rxd7+ Kxd7 23. c4 Kc7 24. b5 Bd7 25. bxc6 Nxc6 26. Nf3 Na5 27. Bd5 f6 28. Nd4 Kd6 29. Bg8 h6 30. Bf7 g5 31. Kf2 Kc5 32. h4 Nxc4 $19 33. h5 Ne5 34. Bg6 Kb4 35. e4 Kxa4 36. Nf3 Kb4 37. Ke3 Kc3 38. Ne1 a5 39. Nd3 a4 40. Bf5 Bc6 41. Be6 a3 42. Nc1 Bb5 43. Na2+ Kb2 44. Nb4 Bc4 45. Bxc4 Nxc4+ 46. Kd3 Kb3 47. Nc2 Ne5+ 48. Kd2 Kb2 0-1

[Event "IIFL Wealth  4th Mumbai Junior U-13"]
[Site "Mumbai"]
[Date "2019.01.03"]
[Round "5"]
[White "Aditya Ramanathan"]
[Black "Kinkhabwala Hrithik"]
[Result "1-0"]
[ECO "C55"]
[WhiteElo "1493"]
[BlackElo "1244"]
[Annotator "NA RC"]
[PlyCount "107"]
[EventDate "2018.12.30"]
[EventType "swiss"]
[EventCountry "IND"]
[SourceTitle "playchess.com"]
[Source "ChessBase"]
[SourceQuality "1"]
[TimeControl "40/5400+30:1800+30"]

1. e4 e5 2. Nf3 Nc6 3. d4 exd4 4. Bc4 Nf6 5. e5 d5 6. Bb5 Ne4 7. Nxd4 Bc5 8. Be3 Bd7 9. Bxc6 bxc6 10. O-O Qe7 11. f3 Nd6 12. f4 Nc4 13. Qc1 Nxe3 14. Qxe3 Bb6 15. Nd2 Qb4 16. N2b3 O-O 17. c3 Qe7 18. Rae1 c5 19. Nc2 Bf5 20. Qd2 Be4 21. Kh1 Rad8 22. Ne3 f6 23. exf6 Qxf6 24. Ng4 Qh4 25. Ne5 Rd6 26. Qf2 Rh6 27. Qxh4 Rxh4 28. Nd7 Rfxf4 29. Nbxc5 Bxc5 30. Nxc5 Rhg4 31. Rxf4 Rxf4 32. Nxe4 Rxe4 33. Rxe4 dxe4 34. Kg1 Kf7 35. Kf2 Ke6 36. Ke3 Ke5 37. b3 c6 38. a3 h6 39. c4 g6 40. b4 c5 41. b5 g5 42. a4 h5 43. a5 h4 44. a6 Kd6 45. b6 axb6 46. a7 b5 47. cxb5 c4 48. a8=Q Kc5 49. Qc6+ Kb4 50. b6 c3 51. b7 Kb3 52. b8=Q+ Kc2 53. Qxe4+ Kd1 54. Qbb1# 1-0

[Event "IIFL Wealth  4th Mumbai Junior U-13"]
[Site "Mumbai"]
[Date "2019.01.03"]
[Round "5"]
[White "Shravan Swaminathan"]
[Black "Aditya Varun Gampa"]
[Result "1-0"]
[ECO "D02"]
[WhiteElo "1488"]
[BlackElo "1809"]
[Annotator "NA"]
[PlyCount "81"]
[EventDate "2018.12.30"]
[EventType "swiss"]
[EventCountry "IND"]
[SourceTitle "playchess.com"]
[Source "ChessBase"]
[SourceQuality "1"]
[TimeControl "40/5400+30:1800+30"]

1. d4 Nf6 2. Nf3 d5 3. Bf4 e6 4. e3 c5 5. c3 Nc6 6. Nbd2 Bd6 7. Bg3 O-O 8. Bd3 b6 9. Ne5 Bb7 10. f4 {[%emt 0:09:38] D02: 1 d4 d5 2 Nf3 sidelines, including 2...Nf6 3 g3 and 2...Nf6 3 Bf4} (10. O-O Qc7 11. f4 Ne7 12. Qb1 Qc8 13. Bh4 Nf5 14. Bxf5 exf5 15. Bxf6 gxf6 16. Nef3 Qe6 17. Re1 Ba6 18. Nh4 cxd4 19. exd4 {1-0 (28) Korobov,A (2692)-Dominguez Perez,L (2739) Doha 2016}) 10... Ne7 {[%emt 0:00:43] LiveBook: 96 Games} 11. O-O Ne4 12. Bh4 f6 13. Nef3 Nf5 14. Bf2 Nxf2 $146 ({Predecessor:} 14... Be7 15. Bc2 Nfd6 16. Nxe4 Nxe4 17. Nd2 f5 18. Nxe4 fxe4 {0-1 (35) Bai,C (1532)-Liu,M Shijiazhuang 2016}) 15. Kxf2 c4 16. Bc2 b5 17. g4 Ne7 ({Better is} 17... Nh6 $17 18. h3 g6) 18. Qb1 f5 19. Rg1 b4 20. gxf5 Nxf5 21. Qf1 bxc3 22. bxc3 Qf6 23. Qh3 h6 24. Rg4 Kh8 25. Rag1 $18 Rf7 26. Rg6 Qe7 27. Ng5 Rf6 28. Nxe6 Qxe6 29. Bxf5 Qe7 30. Rxf6 Qxf6 31. Rg6 Qf8 32. Nf3 Re8 33. Ng5 Bc8 34. Bxc8 Bxf4 35. exf4 Qxf4+ 36. Nf3 Qe3+ 37. Kg3 Rf8 38. Bf5 Rb8 39. Qg4 Rb2 40. Rxg7 Qf2+ 41. Kf4 1-0

[Event "IIFL Wealth  4th Mumbai Junior U-13"]
[Site "Mumbai"]
[Date "2019.01.03"]
[Round "5"]
[White "Adireddy Arjun"]
[Black "Garv Rai"]
[Result "0-1"]
[ECO "B07"]
[WhiteElo "1468"]
[BlackElo "1772"]
[Annotator "NA"]
[PlyCount "114"]
[EventDate "2018.12.30"]
[EventType "swiss"]
[EventCountry "IND"]
[SourceTitle "playchess.com"]
[Source "ChessBase"]
[SourceQuality "1"]
[TimeControl "40/5400+30:1800+30"]

1. e4 d6 2. d4 Nf6 3. Nc3 Nbd7 4. Nf3 e5 5. dxe5 dxe5 6. Bc4 Bb4 7. O-O c6 8. Qd3 O-O 9. Bg5 Qc7 10. Ne2 Nc5 11. Qe3 Ng4 12. Qc1 Nxe4 13. h3 Ngf6 14. Ng3 Nxg5 15. Qxg5 e4 16. Nh4 h6 17. Qg6 Kh8 18. Bxf7 Qxf7 19. Qxf7 Rxf7 20. Ng6+ Kh7 21. Ne5 Re7 22. Nc4 Be6 23. Ne3 Rd8 24. c3 Bc5 25. Rad1 Rxd1 26. Rxd1 Bxe3 27. fxe3 Rd7 28. Rxd7 Bxd7 29. c4 c5 30. b3 g5 31. Ne2 Kg6 32. Nc3 Kf5 33. Kf2 Ke5 34. a3 Bc6 35. a4 Ne8 36. Nd1 b6 37. Nc3 a6 38. Ke2 Nc7 39. Kf2 b5 40. cxb5 axb5 41. a5 b4 42. Ne2 Bd5 43. Nc1 c4 44. bxc4 Bxc4 45. Ne2 Bxe2 46. Kxe2 Kd5 47. Kd2 Kc4 48. Kc2 b3+ 49. Kb2 Kb4 50. Kb1 Kxa5 51. Ka1 Kb4 52. Kb2 Nb5 53. Kb1 Kc3 54. Kc1 b2+ 55. Kb1 Na3+ 56. Ka2 b1=Q+ 57. Kxa3 Qb3# 0-1

[Event "IIFL Wealth  4th Mumbai Junior U-13"]
[Site "Mumbai"]
[Date "2019.01.03"]
[Round "5"]
[White "Shrey Nilkant"]
[Black "Dhrithi Murgod"]
[Result "0-1"]
[ECO "B12"]
[WhiteElo "1466"]
[BlackElo "1177"]
[Annotator "NA RC"]
[PlyCount "82"]
[EventDate "2018.12.30"]
[EventType "swiss"]
[EventCountry "IND"]
[SourceTitle "playchess.com"]
[Source "ChessBase"]
[SourceQuality "1"]
[TimeControl "40/5400+30:1800+30"]

1. e4 c6 2. d4 d5 3. f3 e6 4. Nc3 Bb4 5. Qd3 h6 6. Nge2 Nd7 7. Bf4 Ne7 8. O-O-O Ba5 9. Kb1 Bc7 10. Bxc7 Qxc7 11. e5 Nb6 12. g4 Nc4 13. Ng3 Ng6 14. Nh5 Rg8 15. f4 Nf8 16. Qf3 Nb6 17. f5 Bd7 18. f6 g6 19. Ng7+ Kd8 20. Bd3 c5 21. Bb5 Rc8 22. Qe2 a6 23. Bxd7 Nbxd7 24. Qd2 cxd4 25. Qxd4 Qxe5 26. Qxe5 Nxe5 27. Ne4 Nxg4 28. Nd6 Rc7 29. c4 Nf2 30. cxd5 Nxd1 31. Rxd1 Rd7 32. Nxf7+ Kc8 33. Nxh6 Rh8 34. Nf7 Rxf7 35. Ne8 Kd7 36. dxe6+ Kxe6 37. Re1+ Kd7 38. a3 Ne6 39. Rc1 Rxe8 40. Rd1+ Kc7 41. Rc1+ Kb8 0-1

[Event "IIFL Wealth  4th Mumbai Junior U-13"]
[Site "Mumbai"]
[Date "2019.01.03"]
[Round "5"]
[White "Singh, Arjun Kumar"]
[Black "Akshit Jha"]
[Result "1-0"]
[ECO "A06"]
[WhiteElo "1461"]
[BlackElo "1604"]
[Annotator "NA"]
[PlyCount "83"]
[EventDate "2018.12.30"]
[EventType "swiss"]
[EventCountry "IND"]
[SourceTitle "playchess.com"]
[Source "ChessBase"]
[SourceQuality "1"]
[TimeControl "40/5400+30:1800+30"]

1. Nf3 d5 2. g3 Nf6 3. Bg2 Bf5 4. O-O e6 5. d3 Bd6 6. Nbd2 O-O 7. Nh4 Bg4 8. Nhf3 Nc6 9. c4 Ne7 10. a3 a5 11. Rb1 a4 12. b4 axb3 13. Qxb3 b6 14. Bb2 Nd7 15. cxd5 exd5 16. e4 f6 17. exd5 Nc5 18. Qc2 Bf5 19. Ne4 Nxd5 20. Nd4 Be6 21. Nxc5 Bf7 22. Nce6 Qe7 23. Bxd5 Ra5 24. Nc6 Qe8 25. Nxa5 Bxe6 26. Bxe6+ Qxe6 27. Qc4 Qxc4 28. Nxc4 Re8 29. Nxd6 cxd6 30. Rfe1 Rc8 31. Rbc1 Rd8 32. Rc7 d5 33. Ree7 d4 34. Rxg7+ Kh8 35. Rxh7+ Kg8 36. Rcg7+ Kf8 37. h4 Re8 38. h5 Re1+ 39. Kg2 f5 40. h6 Rg1+ 41. Kxg1 f4 42. Rh8# 1-0

[Event "IIFL Wealth  4th Mumbai Junior U-13"]
[Site "Mumbai"]
[Date "2019.01.03"]
[Round "5"]
[White "Nanal Arnav"]
[Black "Bagwe Gaurang"]
[Result "1/2-1/2"]
[ECO "C68"]
[WhiteElo "1456"]
[BlackElo "1768"]
[Annotator "NA"]
[PlyCount "139"]
[EventDate "2018.12.30"]
[EventType "swiss"]
[EventCountry "IND"]
[SourceTitle "playchess.com"]
[Source "ChessBase"]
[SourceQuality "1"]
[TimeControl "40/5400+30:1800+30"]

1. e4 e5 2. Nf3 Nc6 3. Bb5 a6 4. Bxc6 dxc6 5. O-O Bg4 6. h3 Bxf3 7. Qxf3 Qf6 8. Qxf6 Nxf6 9. Nc3 O-O-O 10. d3 h6 11. Be3 c5 12. f4 exf4 13. Rxf4 Re8 14. Raf1 Bd6 15. Rf5 b6 16. b3 Re5 17. Ne2 Kd7 18. Rxe5 Bxe5 19. Rf5 Kd6 20. Bf4 Re8 21. Kf2 Bxf4 22. Nxf4 Re5 23. Rxe5 Kxe5 24. Ke3 g5 25. Ne2 h5 26. c3 Ne8 27. Ng3 Ng7 28. d4+ cxd4+ 29. cxd4+ Ke6 30. Ne2 c5 31. d5+ Ke5 32. g4 hxg4 33. hxg4 Ne8 34. Ng1 f6 35. Nf3+ Kd6 36. Nd2 b5 37. a4 Nc7 38. Kd3 Na8 39. Ke3 Nb6 40. axb5 axb5 41. Nf3 Nd7 42. Kd3 Nf8 43. Ke3 Ng6 44. Kd3 Nh4 45. Ke3 Ng2+ 46. Kf2 Nf4 47. Ke3 Nh3 48. Ke2 c4 49. bxc4 bxc4 50. Kd2 Nf2 51. Kc3 Nxe4+ 52. Kxc4 Nf2 53. Nh2 Nh3 54. Kd4 Nf4 55. Ke4 Nxd5 56. Kf5 Ke7 57. Nf3 Ne3+ 58. Kg6 Nxg4 59. Nxg5 Ne3 60. Ne4 f5 61. Kg5 Ke6 62. Ng3 f4 63. Kxf4 Nd5+ 64. Ke4 Nf6+ 65. Kd4 Kd6 66. Nf5+ Kc6 67. Ne7+ Kd7 68. Nd5 Ng4 69. Nf6+ Nxf6 70. Ke3 1/2-1/2

[Event "IIFL Wealth  4th Mumbai Junior U-13"]
[Site "Mumbai"]
[Date "2019.01.03"]
[Round "5"]
[White "Sairaj Dilip Vernekar"]
[Black "Ananmay Sharma"]
[Result "0-1"]
[ECO "B12"]
[WhiteElo "1445"]
[BlackElo "1749"]
[Annotator "NA RC"]
[PlyCount "120"]
[EventDate "2018.12.30"]
[EventType "swiss"]
[EventCountry "IND"]
[SourceTitle "playchess.com"]
[Source "ChessBase"]
[SourceQuality "1"]
[TimeControl "40/5400+30:1800+30"]

1. e4 c6 2. d4 d5 3. e5 Bf5 4. c3 e6 5. Bd3 Bxd3 6. Qxd3 c5 7. Nf3 Nc6 8. O-O Nge7 9. Na3 Nf5 10. Nc2 Rc8 11. Be3 cxd4 12. Bxd4 Be7 13. Ne3 Nfxd4 14. cxd4 O-O 15. a3 Qb6 16. b4 a6 17. Rfc1 Na7 18. Rab1 Rc6 19. Rxc6 Qxc6 20. Qb3 Rc8 21. a4 Qc3 22. Kf1 Qxb3 23. Rxb3 Rc1+ 24. Ke2 b5 25. a5 Nc6 26. Kd2 Rc4 27. Nxc4 dxc4 28. Rb1 Bxb4+ 29. Ke3 Bxa5 30. Ke4 Bb6 31. d5 exd5+ 32. Kxd5 Na5 33. e6 fxe6+ 34. Kxe6 h6 35. Rd1 c3 36. Ne5 c2 37. Rc1 Nb3 38. Rxc2 Nd4+ 39. Kd5 Nxc2 40. Kc6 Bxf2 41. Nd3 Be3 42. Kd5 Bd2 43. Kc5 Bc3 44. h3 b4 45. Kc4 Ne3+ 46. Kb3 Nxg2 47. Nxb4 Bxb4 48. Kxb4 Nf4 49. h4 g5 50. hxg5 hxg5 51. Ka5 g4 52. Kxa6 g3 53. Kb5 g2 54. Kc4 g1=Q 55. Kc3 Qe3+ 56. Kb4 Qc1 57. Kb5 Nd5 58. Ka6 Qc6+ 59. Ka7 Qb6+ 60. Ka8 Nc7# 0-1

[Event "IIFL Wealth  4th Mumbai Junior U-13"]
[Site "Mumbai"]
[Date "2019.01.03"]
[Round "5"]
[White "Athalye Varad"]
[Black "Arhan Chethan Anand"]
[Result "1-0"]
[ECO "B93"]
[WhiteElo "1442"]
[BlackElo "1710"]
[Annotator "NA RC"]
[PlyCount "147"]
[EventDate "2018.12.30"]
[EventType "swiss"]
[EventCountry "IND"]
[SourceTitle "playchess.com"]
[Source "ChessBase"]
[SourceQuality "1"]
[TimeControl "40/5400+30:1800+30"]

1. e4 c5 2. Nf3 d6 3. d4 cxd4 4. Nxd4 Nf6 5. Nc3 a6 6. f4 e5 7. Nf3 Nbd7 8. Be2 Be7 9. O-O O-O 10. Kh1 b5 11. a3 Bb7 12. Bd3 Qc7 13. Nd2 Rac8 14. Nb3 Rfd8 15. Be3 Nf8 16. Qe1 Ng4 17. Bg1 exf4 18. Rxf4 Ne5 19. Rf1 Nfg6 20. Rd1 Bf6 21. Rc1 Bg5 22. Rd1 Re8 23. Qg3 h6 24. Qf2 Re6 25. Nd4 Rf6 26. Qe1 Qd7 27. Be2 Nh4 28. Bf2 Nhg6 29. h4 Bf4 30. h5 Nf8 31. Bh4 Bg5 32. Rxf6 gxf6 33. Bxg5 hxg5 34. Nf5 Rc5 35. Nxd6 Qc7 36. Qf2 Nfd7 37. Nxb7 Qxb7 38. Nd5 Rxc2 39. Nxf6+ Kg7 40. Nxd7 Nxd7 41. Qd4+ Kg8 42. Bg4 Nf8 43. h6 f5 44. Bxf5 Rc6 45. Qd5+ Kh8 46. Qe5+ Kg8 47. h7+ Nxh7 48. Rd8+ Nf8 49. Be6+ Rxe6 50. Qxe6+ Kg7 51. Qe5+ Kg6 52. Rxf8 Qh7+ 53. Kg1 Qa7+ 54. Rf2 b4 55. Qf6+ Kh7 56. Qf7+ Qxf7 57. Rxf7+ Kg6 58. Ra7 bxa3 59. bxa3 Kf6 60. Rxa6+ Ke5 61. Ra5+ Kxe4 62. Rxg5 Kd4 63. a4 Kc4 64. a5 Kd4 65. a6 Kd3 66. a7 Kd2 67. a8=Q Ke3 68. Rg3+ Kf4 69. Qf3+ Ke5 70. Rg5+ Kd4 71. Rd5+ Kc4 72. Qd3+ Kb4 73. Rb5+ Ka4 74. Qb3# 1-0

[Event "IIFL Wealth  4th Mumbai Junior U-13"]
[Site "Mumbai"]
[Date "2019.01.03"]
[Round "5"]
[White "Swara Lakshmi S Nair"]
[Black "Aarna Chugh"]
[Result "1/2-1/2"]
[ECO "B40"]
[WhiteElo "1415"]
[BlackElo "1164"]
[Annotator "NA RC"]
[PlyCount "80"]
[EventDate "2018.12.30"]
[EventType "swiss"]
[EventCountry "IND"]
[SourceTitle "playchess.com"]
[Source "ChessBase"]
[SourceQuality "1"]
[TimeControl "40/5400+30:1800+30"]

1. e4 c5 2. Nf3 e6 3. d3 d5 4. Nbd2 Nc6 5. g3 dxe4 6. Nxe4 h6 7. Bg2 Nf6 8. Ned2 Be7 9. O-O O-O 10. Re1 Qc7 11. a4 b6 12. Nc4 Nd5 13. Qe2 Bb7 14. Bd2 Rfd8 15. Rad1 Bf6 16. Kh1 Nd4 17. Nxd4 Bxd4 18. Be3 Nxe3 19. fxe3 Bf6 20. Rf1 a6 21. b3 b5 22. Nd2 Rac8 23. Kg1 Bxg2 24. Qxg2 Qc6 25. Qf2 Rd7 26. Ne4 Be5 27. axb5 axb5 28. Qf3 f5 29. Nd2 Qxf3 30. Nxf3 Bf6 31. Rfe1 Ra8 32. e4 Ra2 33. exf5 exf5 34. Re2 Rda7 35. Kf2 Kf7 36. Rc1 Bb2 37. Rd1 Bf6 38. Rc1 Bb2 39. Rce1 Bf6 40. Kg1 Ra1 1/2-1/2

[Event "IIFL Wealth  4th Mumbai Junior U-13"]
[Site "Mumbai"]
[Date "2019.01.03"]
[Round "5"]
[White "Daakshin Arun"]
[Black "Savitha Shri B"]
[Result "0-1"]
[ECO "E97"]
[WhiteElo "1400"]
[BlackElo "1894"]
[Annotator "NA RC"]
[PlyCount "168"]
[EventDate "2018.12.30"]
[EventType "swiss"]
[EventCountry "IND"]
[SourceTitle "playchess.com"]
[Source "ChessBase"]
[SourceQuality "1"]
[TimeControl "40/5400+30:1800+30"]

1. d4 Nf6 2. c4 g6 3. Nc3 Bg7 4. e4 d6 5. Nf3 O-O 6. Be2 e5 7. O-O Nc6 8. d5 Ne7 9. b4 Ne8 10. a4 f5 11. Nd2 Nf6 12. Ba3 {E97: King's Indian: Classical Main Line (6...e5 7 0-0 Nc6): 8 Be3 and 8 d5 Ne7, not 9 Ne1} f4 13. f3 g5 14. c5 h5 15. Nc4 Ng6 16. Rc1 $146 ({Predecessor:} 16. b5 dxc5 17. Bxc5 Rf7 18. a5 g4 19. b6 cxb6 20. axb6 g3 21. Kh1 Bf8 22. Rxa7 Rb8 {0-1 (39) Maksimenko,A (2497)-Vocaturo,D (2600) Bastia 2016}) 16... Ne8 17. Na5 Nh4 18. h3 Bh6 19. Kf2 g4 20. hxg4 hxg4 21. Rh1 Qg5 22. Qg1 Rf7 23. Ke1 Bf8 24. Nc4 Rg7 25. Kd2 Nf6 26. Qf2 Rh7 27. cxd6 cxd6 28. b5 Ne8 29. a5 Bd7 30. Bb4 Be7 31. Rb1 Rh6 32. Ba3 Ng7 33. Kc2 Nh5 34. Rhg1 Ng3 35. Rbc1 Kf7 36. Rcd1 Qh5 37. fxg4 Qg5 38. Bf3 Bxg4 39. Bxg4 Qxg4 40. b6 a6 41. Rc1 Rc8 42. Kd3 Qg6 43. Nd2 $17 Rhh8 44. Nf3 Rxc3+ 45. Rxc3 Nxe4 46. Qe1 Nxc3+ 47. Kxc3 Rc8+ 48. Kb2 Qc2+ 49. Ka1 Rc3 50. Bb2 Rc4 51. Ba3 Ra4 52. Qc1 Qxc1+ 53. Rxc1 Nxf3 54. Kb2 Nd2 55. Rc7 Nc4+ 56. Kb3 Rxa3+ 57. Kxc4 Rxa5 58. Rxb7 Rc5+ 59. Kd3 Rxd5+ 60. Ke4 Rd4+ 61. Kf5 Rd2 62. Ra7 Rxg2 63. Rxa6 Rb2 64. Ra1 Rxb6 65. Rh1 Bf8 66. Kg4 Kg6 67. Rh3 Rb4 68. Rd3 Re4 69. Kf3 Re3+ 70. Rxe3 fxe3 71. Kxe3 d5 72. Kd2 Kf5 73. Ke2 Ke4 74. Kd2 d4 75. Ke2 d3+ 76. Kd2 Bb4+ 77. Kd1 Ke3 78. Kc1 d2+ 79. Kd1 e4 80. Kc2 Ke2 81. Kb1 d1=Q+ 82. Ka2 Qa4+ 83. Kb1 Qb3+ 84. Ka1 Bc3# 0-1

[Event "IIFL Wealth  4th Mumbai Junior U-13"]
[Site "Mumbai"]
[Date "2019.01.03"]
[Round "5"]
[White "Renganayaki V"]
[Black "Larmet, Nino"]
[Result "1/2-1/2"]
[ECO "D44"]
[WhiteElo "1376"]
[BlackElo "1835"]
[Annotator "NA RC"]
[PlyCount "82"]
[EventDate "2018.12.30"]
[EventType "swiss"]
[EventCountry "IND"]
[SourceTitle "playchess.com"]
[Source "ChessBase"]
[SourceQuality "1"]
[TimeControl "40/5400+30:1800+30"]

1. d4 Nf6 2. c4 e6 3. Nf3 d5 4. Nc3 c6 5. Bg5 dxc4 6. e4 b5 7. e5 h6 8. Bh4 g5 9. Nxg5 hxg5 10. Bxg5 Nbd7 11. exf6 {[%emt 0:00:07] Bb} Bb7 12. g3 {[%emt 0:15:49] LiveBook: 649 Games} Bd6 {[%emt 0:11:46] D44: Semi-Slav: Botvinnik System} (12... c5 $11 {keeps the balance.} 13. d5 Bh6 (13... Qb6 14. Bg2 O-O-O 15. O-O b4 16. Na4 Qb5 17. a3 Nb8 18. axb4 cxb4 19. Qg4 Bxd5 20. Rac1 Qxa4 21. Rxc4+ Kb7 22. Rfc1 Na6 23. Rd4 Bc5 24. Re4 Bb6 25. h4 Qb3 26. Bf4 Qxb2 27. Re2 Qxf6 {0-1 (37) Melkumyan,H (2662)-Sasikiran,K (2666) Yerevan 2018}) 14. Bxh6 (14. Nxb5 Qa5+ 15. Qd2 Qxb5 $17) 14... Rxh6) 13. Bg2 Qc7 14. O-O O-O-O 15. Ne4 $146 ({Predecessor:} 15. a4 b4 16. Ne4 e5 17. a5 a6 18. Rc1 exd4 19. Qxd4 Ne5 20. Nxd6+ Qxd6 21. Qxd6 Rxd6 22. Bf4 Re8 23. Bxe5 Rxe5 24. Rxc4 c5 25. Rfc1 Bc6 26. Bxc6 Rxc6 27. Rxb4 Rxf6 28. Rbc4 {1-0 (28) Sladek,V (2002)-Pardy,M (2042) Ostrava 2005}) 15... e5 (15... c5 $16 {is a better defense.}) 16. Nxd6+ Qxd6 17. dxe5 Qxe5 18. Bf4 Qxf6 19. Qd6 Qxd6 20. Bxd6 c5 21. Rac1 Bxg2 22. Kxg2 Kb7 23. Rfd1 Kc6 24. Bf4 Nb6 25. Rxd8 Rxd8 26. h4 Nd5 27. h5 Nxf4+ 28. gxf4 Rh8 29. Rh1 Kd5 30. Kf3 c3 31. bxc3 Kc4 32. Ke3 Kxc3 33. Rc1+ Kb4 34. a3+ Kxa3 35. Rxc5 a6 36. Kd3 Kb4 37. Rg5 a5 38. Kc2 a4 $19 39. f5 Rh7 40. Rg4+ Ka5 41. Rh4 b4 1/2-1/2

[Event "IIFL Wealth  4th Mumbai Junior U-13"]
[Site "Mumbai"]
[Date "2019.01.03"]
[Round "5"]
[White "Vaval Aaditi"]
[Black "Daware Arth K"]
[Result "1-0"]
[ECO "C44"]
[WhiteElo "1367"]
[BlackElo "1155"]
[Annotator "NA"]
[PlyCount "109"]
[EventDate "2018.12.30"]
[EventType "swiss"]
[EventCountry "IND"]
[SourceTitle "playchess.com"]
[Source "ChessBase"]
[SourceQuality "1"]
[TimeControl "40/5400+30:1800+30"]

1. e4 Nc6 2. Nf3 e5 3. d4 exd4 4. Bc4 h6 5. O-O Bc5 6. c3 d3 7. Qxd3 a6 8. Bxf7+ Kxf7 9. Qd5+ Ke8 10. Qh5+ Kf8 11. Qxc5+ Qe7 12. Qe3 d6 13. Nbd2 g5 14. Nd4 Ke8 15. Nxc6 bxc6 16. Qd4 Qf6 17. Qe3 Ne7 18. Nb3 Ng6 19. Qg3 c5 20. f4 Rf8 21. f5 Ne5 22. Nd2 g4 23. Nb1 h5 24. h4 Nf7 25. Na3 Kd7 26. Bd2 a5 27. Nc2 Bb7 28. Rae1 Rae8 29. Rf4 Bc6 30. b3 Bb5 31. c4 Bc6 32. Bc3 Qh6 33. Re2 a4 34. Ne1 Ne5 35. Bxe5 Rxe5 36. Nd3 Ree8 37. Qe1 axb3 38. axb3 Qf6 39. e5 Qe7 40. e6+ Kc8 41. b4 cxb4 42. Nxb4 Bb7 43. Nd5 Qh7 44. Qa5 c6 45. Nb6+ Kb8 46. Nd7+ Kc8 47. Nxf8 Qh6 48. Ng6 Qg7 49. f6 Qxg6 50. f7 Qb1+ 51. Rf1 Qg6 52. fxe8=Q+ Qxe8 53. Rf7 Qd8 54. Qxd8+ Kxd8 55. e7+ 1-0

[Event "IIFL Wealth  4th Mumbai Junior U-13"]
[Site "Mumbai"]
[Date "2019.01.03"]
[Round "5"]
[White "Jadhav Jyotiraditya"]
[Black "Jain Vihaan"]
[Result "1-0"]
[ECO "A56"]
[WhiteElo "1358"]
[BlackElo "1149"]
[Annotator "NA RC"]
[PlyCount "65"]
[EventDate "2018.12.30"]
[EventType "swiss"]
[EventCountry "IND"]
[SourceTitle "playchess.com"]
[Source "ChessBase"]
[SourceQuality "1"]
[TimeControl "40/5400+30:1800+30"]

1. d4 Nf6 2. c4 c5 3. Nf3 e6 4. Nc3 Nc6 5. d5 Na5 6. Qa4 b6 7. e4 exd5 8. cxd5 Bb7 9. Bg5 Qc7 10. O-O-O Ng4 11. Bh4 a6 12. h3 Ne5 13. Nxe5 Qxe5 14. Bg3 Qg5+ 15. Kb1 g6 16. Bc7 Bc8 17. Bxb6 Nb7 18. Nb5 Bd6 19. Nxd6+ Nxd6 20. Bxc5 Nb7 21. Be3 Qe7 22. Qd4 Rg8 23. e5 d6 24. f4 Bf5+ 25. Bd3 Bxd3+ 26. Rxd3 Rd8 27. Re1 Qh4 28. Bf2 Qh5 29. g4 Qh6 30. exd6+ Kf8 31. Qf6 Rd7 32. Re7 Rxd6 33. Qxf7# 1-0

[Event "IIFL Wealth  4th Mumbai Junior U-13"]
[Site "Mumbai"]
[Date "2019.01.03"]
[Round "5"]
[White "Aggarwal Vansh"]
[Black "Potawad Anirudhha"]
[Result "0-1"]
[ECO "C67"]
[WhiteElo "1328"]
[BlackElo "1849"]
[Annotator "NA"]
[PlyCount "148"]
[EventDate "2018.12.30"]
[EventType "swiss"]
[EventCountry "IND"]
[SourceTitle "playchess.com"]
[Source "ChessBase"]
[SourceQuality "1"]
[TimeControl "40/5400+30:1800+30"]

1. e4 e5 2. Nf3 Nc6 3. Bb5 Nf6 4. O-O Nxe4 5. Re1 Nd6 6. Nxe5 Nxe5 7. Rxe5+ Be7 8. Bf1 O-O 9. d4 Bf6 10. Re1 Nf5 {[%emt 0:00:29] C67: Ruy Lopez: Berlin Defence: 4 0-0 Nxe4} (10... Re8 11. c3 Rxe1 12. Qxe1 Ne8 13. d5 c6 14. Nd2 cxd5 15. Nf3 d6 16. Be3 Nc7 17. Qd2 Bd7 18. g3 {½-½ (32) Giri,A (2780)-Caruana,F (2827) Batumi 2018}) 11. d5 d6 12. Qd3 $146 ({Predecessor:} 12. Nd2 Nh4 13. Ne4 Bf5 14. Ng3 Bg6 15. c3 Re8 16. Be3 Bg5 17. Bxg5 Qxg5 18. Qd4 a5 19. f4 {½-½ (19) Wang,H (2709)-Fedoseev,V (2718) Riadh 2017}) 12... Be5 13. Nd2 Qf6 14. c3 Nh6 (14... Bd7 $14) 15. Ne4 Qg6 16. Ng3 f5 17. f4 Bf6 18. Be2 Qf7 19. Bd2 Bd7 20. c4 g6 21. Rab1 Qg7 22. b3 Nf7 23. Rbc1 Bd4+ 24. Kh1 Rfe8 25. Bc3 Bxc3 26. Qxc3 Qh6 27. Qf3 Re7 28. Bd3 Rae8 29. Rxe7 Rxe7 30. Kg1 {[%emt 0:00:24] [#]} Ne5 $1 {[%emt 0:01:21] Pin} 31. Qe3 Qxh2+ 32. Kf1 Nxd3 33. Qxd3 Qh4 34. Qf3 Qf6 35. Qf2 b6 36. Rd1 Qc3 37. Re1 Rxe1+ 38. Qxe1 Qxe1+ 39. Kxe1 c6 40. Ne2 cxd5 41. cxd5 Kf7 42. Kf2 h6 43. Ke3 Kf6 44. g3 Bb5 45. Nc3 Ba6 46. a3 g5 47. Kf3 Kg6 48. Ke3 Kh5 49. Kf3 Bb7 50. b4 a5 $2 (50... Ba6 $19 51. a4 Bd3 52. fxg5 hxg5) 51. fxg5 ({Only move:} 51. b5 $1 $15) 51... hxg5 52. bxa5 bxa5 53. a4 Ba8 54. Nb5 Bxd5+ 55. Kf2 Kg6 56. Nxd6 Kf6 57. Nb5 Ke5 58. Ke3 Bc6 59. Nc3 g4 60. Kd3 f4 61. gxf4+ Kxf4 62. Ne2+ Kg5 63. Ke3 Bxa4 64. Kf2 Kh4 65. Kg2 Bc6+ 66. Kh2 a4 67. Nd4 a3 68. Nb3 a2 69. Na1 Ba4 70. Kg2 g3 71. Kg1 Kg4 72. Kg2 Kf4 73. Kg1 Kf3 74. Kf1 Bd1 0-1

[Event "IIFL Wealth  4th Mumbai Junior U-13"]
[Site "Mumbai"]
[Date "2019.01.03"]
[Round "5"]
[White "Anurag Panigrahi"]
[Black "Iyer Aarav"]
[Result "1-0"]
[ECO "B23"]
[WhiteElo "1315"]
[BlackElo "1124"]
[Annotator "NA RC"]
[PlyCount "61"]
[EventDate "2018.12.30"]
[EventType "swiss"]
[EventCountry "IND"]
[SourceTitle "playchess.com"]
[Source "ChessBase"]
[SourceQuality "1"]
[TimeControl "40/5400+30:1800+30"]

1. e4 c5 2. Nc3 Nc6 3. f4 d6 4. Nf3 e6 5. Bb5 Bd7 6. d3 Nf6 7. O-O a6 8. Ba4 b5 9. Bb3 Bc8 10. f5 Be7 11. a4 b4 12. Ne2 exf5 13. Ng5 O-O 14. Ng3 Ng4 15. Nxf7 Rxf7 16. Bxf7+ Kxf7 17. Qxg4 Ne5 18. Qh5+ Kg8 19. Nxf5 Bxf5 20. exf5 Qe8 21. Qe2 Rc8 22. Bf4 Bf6 23. b3 Nf7 24. Rae1 Kf8 25. Qh5 Ne5 26. Qxh7 Kf7 27. Bxe5 Bxe5 28. f6 Qh8 29. fxg7+ Ke7 30. gxh8=Q+ Ke6 31. Qf7# 1-0